 Dungeon Crawl Stone Soup version 0.31.0-4-g52a2dc7128 (webtiles) character file.

Game seed: 15051006773699103040

5906 Zeia the Fighter (level 11, -1/87 HPs)
             Began as a Djinni Ice Elementalist on Jan 22, 2024.
             Was an Initiate of Ashenzari.
             Slain by a wyvern (7 damage)
             ... on level 7 of the Dungeon.
             The game lasted 00:45:04 (8650 turns).

Zeia the Fighter (Djinni Ice Elementalist)          Turns: 8650, Time: 00:45:05

Health: -1/87      AC:  4    Str:  7    XL:     11   Next: 8%
Gold:   403        EV: 17    Int: 23    God:    Ashenzari [......] SH:  0 Dex: 14

rFire   + + .        D - +3 dagger
rCold   . . .        (no shield)
rNeg    . . .        F - +2 robe {Will+}
rPois   ∞            (no helmet)
rElec   +            (no cloak)
rCorr   .            (no gloves)
SInv    .            (boots unavailable)
Will    ++...        x - amulet of regeneration
Stlth   ++           o - ring "Hecluivi" {rElec rC+ Int+2}
HPRegen 1.14/turn    j - +5 ring of evasion
MPRegen 0.00/turn

%: infuse magic (-2 HP)
@: flying
A: sickness immunity, fire resistance 2, cold vulnerability 1, float, innate
caster, HP casting, extra vitality 1
a: Renounce Religion, Curse Item


You were on level 7 of the Dungeon.
You worshipped Ashenzari.
Ashenzari was noncommittal.
You visited 2 branches of the dungeon, and saw 10 of its levels.

You collected 528 gold pieces.
You spent 125 gold pieces at shops.

Inventory:

Hand Weapons
 g - a +0 dagger
 s - a +2 hand axe of holy wrath
 B - a +2 rapier of venom
 D - a +3 dagger (weapon)
 H - a +0 scimitar of flaming
Armour
 c - a +2 robe of fire resistance
 C - the +7 leather armour "Urone" {-Tele rPois Str+3}
   (You took it off Duvessa on level 6 of the Dungeon)

   Str+3:     It affects your strength (+3).
   rPois:     It protects you from poison -Tele: It prevents most forms of
   teleportation.
 F - a +2 robe of willpower (worn)
 I - +0 steam dragon scales
Jewellery
 j - a +5 ring of evasion (right hand)
 o - the ring "Hecluivi" (left hand) {rElec rC+ Int+2}
   (You bought it in a shop on level 1 of the Dungeon)

   [ring of protection from cold]

   Int+2:     It affects your intelligence (+2).
   rC+:       It protects you from cold.
   rElec:     It insulates you from electricity.
 x - an amulet of regeneration (around neck)
 J - a ring of wizardry
Wands
 d - a wand of mindburst (25)
Scrolls
 b - a scroll of immolation
 e - 2 scrolls of revelation {unknown}
 f - 4 scrolls of enchant weapon
 h - 7 scrolls of identify
 i - 2 scrolls of noise
 m - a scroll of teleportation {unknown}
 p - a scroll of acquirement {unknown}
 q - a scroll of torment {unknown}
 u - a scroll of silence {unknown}
 y - 2 scrolls of enchant armour {unknown}
 G - a scroll of vulnerability {unknown}
Potions
 a - a potion of mutation
 l - 3 potions of degeneration {unknown}
 n - a potion of heal wounds {unknown}
 r - a potion of magic {unknown}
 t - a potion of might {unknown}
 v - a potion of enlightenment {unknown}
 w - a potion of invisibility {unknown}
 z - a potion of berserk rage {unknown}
 A - 2 potions of brilliance {unknown}
 E - a potion of attraction {unknown}


   Skills:
 + Level 11.4 Fighting
 - Level 2.1 Dodging
 - Level 1.5 Stealth
 + Level 9.4 Spellcasting
 + Level 9.4 Conjurations
 + Level 9.4 Hexes
 + Level 9.4 Summonings
 + Level 9.4 Necromancy
 + Level 9.4 Translocations
 + Level 9.4 Fire Magic
 + Level 9.4 Ice Magic
 + Level 9.4 Air Magic
 + Level 9.4 Earth Magic
 + Level 9.4 Alchemy


You knew the following spells:

 Your Spells              Type           Power      Damage    Failure   Level
a - Freeze                Ice            100%       1d10      1%          1
b - Frozen Ramparts       Ice            100%       1d16      1%          3
c - Ozocubu's Armour      Ice            53%        N/A       1%          3
d - Summon Ice Beast      Ice/Summ       53%        N/A       1%          3
e - Foxfire               Conj/Fire      100%       2x1d9     1%          1
f - Scorch                Fire           100%       2d9       1%          2
g - Call Imp              Summ           100%       N/A       1%          2
h - Call Canine Familiar  Summ           53%        N/A       1%          3
i - Leda's Liquefaction   Alch/Erth      26%        N/A       1%          4
Your spell library was empty.

Dungeon Overview and Level Annotations

Branches:
Dungeon (9/15)             Temple (1/1) D:5            Lair (0/5) D:9
    Orc: D:9-12

Altars:
Ashenzari
Cheibriados
Dithmenos
Elyvilon
Fedhas
Gozag
Hepliaklqana
Makhleb
Nemelex Xobeh
Okawaru
Ru
Trog
Uskayaw
Wu Jian
Xom
Yredelemnul
Zin
The Shining One

Shops:
D:1 *

Annotations:
D:1 exclusion: downstairs
D:2 1 runed translucent door, Crazy Yiuf
D:5 exclusion: downstairs
D:8 exclusion: downstairs


Innate Abilities, Weirdness & Mutations

You are immune to sickness and miasma.
You are immune to poison.
Your flesh is very heat resistant. (rF++)
You are vulnerable to cold. (rC-)
You float through the air rather than walking.
You learn spells naturally, not from books.
Your magical power is your life essence.
You have superior vitality. (+4 MHP)


Message History

* * * LOW HITPOINT WARNING * * *
The wyvern bites you!
* * * LOW HITPOINT WARNING * * *
The water moccasin closely misses you. The wyvern bites you!
* * * LOW HITPOINT WARNING * * *
There is a stone staircase leading up here.
The wyvern closely misses you.
You fly upwards.
There is a stone staircase leading down here.
Cast which spell? (? or * to list)
Okay, then.
You feel better. The wyvern closely misses you.
The wyvern completely misses you.
Cast which spell? (? or * to list)
Aiming: Freeze (safe; 1% risk of failure)
Press: ? - help, Shift-Dir - straight line, f - wyvern
Aim: a wyvern (moderately wounded)
You freeze the wyvern.
The wyvern is moderately wounded.
* * * LOW HITPOINT WARNING * * *
The wyvern bites you.
* * * LOW HITPOINT WARNING * * *
Casting: Freeze (safe; 1% risk of failure)
Confirm with . or Enter, or press ? or * to list all spells.
Aiming: Freeze (safe; 1% risk of failure)
Press: ? - help, Shift-Dir - straight line, f/p - wyvern
Aim: a wyvern (moderately wounded)
You freeze the wyvern!
The wyvern is severely wounded.
* * * LOW HITPOINT WARNING * * *
The wyvern closely misses you. The wyvern bites you!
* * * LOW HITPOINT WARNING * * *
You hit the wyvern but do no damage.
The wyvern is severely wounded.
The wyvern barely misses you.
You hit the wyvern but do no damage.
The wyvern is severely wounded.
The wyvern bites you!
You die...

............#
#.############
##.####.###.#
#.# ##.####.#
#.# #.#
..#.<...# #.#
#.# ##.######
#.# #.# #.#
#.###.## #.#
#.##...# ##.#
#.....k# ...#
####..@# ####
#####


You could see a wyvern.

Vanquished Creatures
  Maurice (D:7)
  Joseph (D:7)
  Maggie (D:7)
  A hornet (D:8)
  Sigmund (D:2)
  2 yaks (D:8)
  A wyvern (D:8)
  2 steam dragons (D:8)
  Duvessa (D:6)
  A water moccasin (D:7)
  3 ice beasts
  3 ogres
  A centaur (D:5)
  A phantom (D:7)
  3 bullfrogs
  A kobold brigand (D:6)
  6 scorpions
  Dowan (D:6)
  10 wights
  6 killer bees (D:8)
  A howler monkey (D:8)
  2 jellies
  2 orc priests (D:6)
  4 hounds
  4 orc wizards
  Natasha (thrice) (D:2)
  4 adders
  2 white imps
  2 ufetubi (D:6)
  3 dart slugs
  A ribbon worm (D:2)
  13 orcs
  5 ball pythons
  8 endoplasms
  4 giant cockroaches
  4 goblins
  6 hobgoblins
  6 jackals
  5 quokkas
  6 bats
  2 frilled lizards (D:2)
  11 kobolds
  5 rats
150 creatures vanquished.

Vanquished Creatures (collateral kills)
  A cyclops (D:8)
  A basilisk (D:8)
  A water moccasin (D:8)
  2 sky beasts
  An ogre (D:7)
  2 howler monkeys (D:8)
8 creatures vanquished.

Vanquished Creatures (others)
  73 foxfires
73 creatures vanquished.

Grand Total: 231 creatures vanquished

Notes
Turn   | Place    | Note
-------+----------+-------------------------------------------
     0 | D:1      | Zeia the Djinni Ice Elementalist began the quest for the
                  | Orb.
     0 | D:1      | Zeia set off with the following spells memorised: Freeze,
                  | Frozen Ramparts, Ozocubu's Armour, Summon Ice Beast.
     0 | D:1      | Reached XP level 1. HP: 15/15 MP: 0/0
   190 | D:1      | Found a faded altar of an unknown god.
   337 | D:1      | Reached XP level 2. HP: 22/22 MP: 0/0
   529 | D:1      | Found Oxzeaz's Assorted Antiques.
   581 | D:1      | Reached skill level 1 in Fighting
   906 | D:2      | Noticed Natasha
   988 | D:2      | Reached XP level 3. HP: 21/27 MP: 0/0
   988 | D:2      | Learned a level 1 spell: Foxfire
  1035 | D:2      | Noticed Sigmund
  1083 | D:2      | Killed Natasha
  1084 | D:2      | Reached skill level 2 in Fighting
  1246 | D:2      | Noticed Natasha
  1253 | D:2      | Killed Natasha
  1254 | D:2      | Reached XP level 4. HP: 25/34 MP: 0/0
  1378 | D:2      | Noticed Natasha
  1389 | D:2      | Killed Natasha
  1390 | D:2      | Reached XP level 5. HP: 25/40 MP: 0/0
  1390 | D:2      | Learned a level 2 spell: Scorch
  1628 | D:2      | Reached skill level 3 in Fighting
  2113 | D:2      | Killed Sigmund
  2114 | D:2      | Reached skill level 4 in Fighting
  2114 | D:2      | Reached XP level 6. HP: 40/47 MP: 0/0
  2261 | D:2      | Found a runed translucent door.
  2262 | D:2      | Noticed Crazy Yiuf
  2598 | D:2      | Reached skill level 5 in Spellcasting
  2598 | D:2      | Reached skill level 5 in Conjurations
  2598 | D:2      | Reached skill level 5 in Hexes
  2598 | D:2      | Reached skill level 5 in Summonings
  2598 | D:2      | Reached skill level 5 in Necromancy
  2598 | D:2      | Reached skill level 5 in Translocations
  2598 | D:2      | Reached skill level 5 in Fire Magic
  2598 | D:2      | Reached skill level 5 in Ice Magic
  2598 | D:2      | Reached skill level 5 in Air Magic
  2598 | D:2      | Reached skill level 5 in Earth Magic
  2598 | D:2      | Reached skill level 5 in Alchemy
  2905 | D:1      | Bought a fine carnelian ring for 125 gold pieces
  2905 | D:1      | Identified the ring "Hecluivi" {rElec rC+ Int+2} (You
                  | bought it in a shop on level 1 of the Dungeon)
  3497 | D:3      | Reached XP level 7. HP: 53/53 MP: 0/0
  3497 | D:3      | Learned a level 2 spell: Call Imp
  3508 | D:3      | Found a burning altar of Makhleb.
  4403 | D:4      | Reached skill level 5 in Fighting
  4637 | D:5      | Entered Level 5 of the Dungeon
  4798 | D:5      | Found a staircase to the Ecumenical Temple.
  4808 | Temple   | Entered the Ecumenical Temple
  4853 | D:5      | Reached XP level 8. HP: 28/61 MP: 0/0
  4857 | D:5      | Reached skill level 6 in Fighting
  5531 | D:6      | Noticed Duvessa
  5531 | D:6      | Noticed Dowan
  5729 | D:6      | Identified the +7 leather armour "Urone" {-Tele rPois
                  | Str+3}
  5745 | D:6      | Killed Duvessa
  5746 | D:6      | Reached skill level 7 in Fighting
  5802 | D:6      | Found an iron altar of Okawaru.
  5843 | D:6      | Reached XP level 9. HP: 66/68 MP: 0/0
  5843 | D:6      | Learned a level 3 spell: Call Canine Familiar
  5939 | D:6      | Reached skill level 8 in Fighting
  5939 | D:6      | Killed Dowan
  6434 | D:7      | Reached skill level 9 in Fighting
  6561 | D:7      | Noticed Maggie
  6574 | D:7      | Killed Maggie
  6575 | D:7      | Reached XP level 10. HP: 36/78 MP: 0/0
  6656 | D:7      | Noticed Maurice
  6678 | D:7      | Something stole a +0 scimitar of flaming
  6679 | D:7      | Something stole a throwing net
  6681 | D:7      | Something stole 264 gold
  6849 | D:7      | Killed Maurice
  6911 | D:7      | Noticed Joseph
  7007 | D:7      | Killed Joseph
  7008 | D:7      | Reached skill level 10 in Fighting
  7555 | D:8      | Found a broken altar of Ashenzari.
  7556 | D:8      | Noticed a cyclops
  7570 | D:8      | Killed a cyclops
  7585 | D:8      | Became a worshipper of Ashenzari the Shackled
  8144 | D:8      | Reached skill level 11 in Fighting
  8381 | D:8      | Found a snail-covered altar of Cheibriados.
  8381 | D:8      | Found a blossoming altar of Fedhas.
  8490 | D:9      | Found a staircase to the Lair.
  8509 | D:9      | Noticed a two-headed ogre
  8527 | D:8      | Reached XP level 11. HP: 57/87 MP: 0/0
  8527 | D:8      | Learned a level 4 spell: Leda's Liquefaction
  8643 | D:8      | HP: 3/87 [wyvern (10)]
  8648 | D:7      | HP: 4/87 [wyvern (7)]
  8650 | D:7      | Slain by a wyvern

Illustrated notes

Levels and vault maps discovered:
D:1:      dpeg_arrival_round_c, layout_loops_ring, basic_ecumenical_altar,
          serial_shops, shop
D:2:      layout_basic, grunt_ministairs_4, st_stairs_4, uniq_natasha,
          uniq_crazy_yiuf_cottage, uniq_sigmund
D:3:      layout_basic, mainiacjoe_overflow_tiny_flanked
D:4:      layout_loops_ring, serial_bayou_lake_a
D:5:      layout_basic, minmay_temple_entry_glass
D:6:      cheibrodos_thug_alley, layout_rooms,
          mainiacjoe_overflow_concentric_impassable, uniq_duvessa
D:7:      layout_loops_ring, uniq_maggie, uniq_maurice, uniq_joseph
D:8:      layout_layer_cave, evilmike_ruin_ashenzari,
          gammafunk_temple_overflow_statue
D:9:      layout_roguey, minmay_lair_entry_grove, nicolae_fort_ynox, uniq_erica,
          uniq_psyche
Temple:   nicolae_temple_superstar

Skill      XL: |  1  2  3  4  5  6  7  8  9 10 |
---------------+-------------------------------+-----
Fighting       | 1 2 4 5 7 9 11 | 11.4
Spellcasting   | 4 5 6 8 9 |  9.4
Conjurations   | 4 5 6 8 9 |  9.4
Hexes          | 4 5 6 8 9 |  9.4
Summonings     | 4 5 6 8 9 |  9.4
Necromancy     | 4 5 6 8 9 |  9.4
Translocations | 4 5 6 8 9 |  9.4
Fire Magic     | 4 5 6 8 9 |  9.4
Ice Magic      | 4 5 6 8 9 |  9.4
Air Magic      | 4 5 6 8 9 |  9.4
Earth Magic    | 4 5 6 8 9 |  9.4
Alchemy        | 4 5 6 8 9 |  9.4
Dodging        | |  2.1
Stealth        | |  1.5

Action                     |  1- 3 |  4- 6 |  7- 9 | 10-12 || total
---------------------------+-------+-------+-------+-------++-------
  Melee: Unarmed           |     1 |       |       |       ||     1
         Dagger            |       |     3 |    11 |    18 ||    32
   Cast: Freeze            |    37 |    27 |     9 |    45 ||   118
         Foxfire           |     2 |    29 |     7 |     9 ||    47
         Scorch            |       |     3 |   140 |    50 ||   193
         Ozocubu's Armour  |       |       |     1 |     5 ||     6
         Call Canine Famil |       |       |     2 |     5 ||     7
         Summon Ice Beast  |       |       |       |     3 ||     3
         Call Imp          |       |       |       |     1 ||     1
    Use: Potion            |       |     1 |       |     2 ||     3
         Scroll            |       |     1 |     3 |     2 ||     6
 Armour: Robe              |    20 |    38 |    49 |   134 ||   241
  Dodge: Dodged            |    15 |    30 |    37 |   106 ||   188
